Map: El Dorado

Players

Nuklear

  • Race: Terran Terran
  • League: Gold
  • Spawn Location: 7:00

WeAreLegion - Winner!

  • Race: Terran Terran
  • League: Silver
  • Spawn Location: 5:00

VOD

Have the link to the VOD?

Description

Time

  • Played on: Dec. 13, 2024, 1:47 a.m.
  • Length: 9:34
Show
View Real Time Build Order
Export as new Build Order

Nuklear Terran 

Build Orders:  

Get SALT Encoding   

  12  0:02  SCV  
  13  0:15  Supply Depot  
  13  0:18  SCV  
  14  0:30  SCV, Refinery  
  15  0:43  Barracks  
  15  0:49  SCV  
  16  1:08  SCV  
  17  1:16  Barracks  
  17  1:39  Marine  
  18  1:40  Factory  
  18  1:44  Orbital Command  
  18  1:53  Supply Depot  
  18  2:08  Marine  
  19  2:22  SCV  
  19  2:23  Barracks Tech Lab  
  19  2:29  Refinery  
  19  2:30  Starport  
  19  2:32  Factory Tech Lab  
  19  2:37  Marine  
  20  2:44  SCV  
  21  2:53  Marauder  
  23  2:59  SCV  
  24  3:06  Marine  
  25  3:20  Medivac  
  29  3:39  Siege Tank, Marine  
  31  3:44  Supply Depot  
  31  3:53  Engineering Bay  
  31  3:55  Supply Depot  
  31  3:57  Barracks Reactor  
  31  4:09  Starport Tech Lab  
  31  4:10  SCV  
  32  4:17  Marauder  
  32  4:18  Stimpack  
  32  4:21  Widow Mine  
  36  4:28  Missile Turret  
  31  5:00  SCV  
  31  5:06  Raven  
  34  5:08  Marine x3  
  34  5:12  SCV  
  34  5:14  Missile Turret  
  38  5:16  Missile Turret, Widow Mine  
  40  5:27  Missile Turret  
  40  5:29  Hi-Sec Auto Tracking  
  40  5:30  Marine x2  
  40  5:33  Marauder  
  44  6:01  Command Center  
  44  6:06  Medivac  
  44  6:07  Marine  
  47  6:13  Marine  
  47  6:15  Marauder  
  50  6:33  Marine x2  
  52  7:01  Marine x2  
  53  7:03  Concussive Shells  
  54  7:09  Marauder  
  54  7:14  Supply Depot  
  56  7:18  Orbital Command  
  56  7:22  SCV  
  46  7:38  Armory  
  44  7:53  Raven  
  44  7:55  Cyclone  
  44  7:56  Infernal Pre-Igniter  
  49  7:59  Orbital Command  
  49  8:02  Marine, Factory  
  50  8:18  SCV  
  51  8:27  Supply Depot  
  51  8:28  Marine x2  
  51  8:29  Marine  
  54  8:37  SCV  
  54  8:39  SCV  
  56  8:46  Marine x2  
  58  8:50  Factory Tech Lab  
Show
View Real Time Build Order
Export as new Build Order

WeAreLegion Terran - Winner!

Build Orders: Banshee Rush 

Get SALT Encoding   

  12  0:00  SCV  
  13  0:12  SCV  
  14  0:18  Supply Depot  
  14  0:26  SCV  
  15  0:40  SCV  
  15  0:41  Barracks  
  16  0:47  Refinery  
  16  0:52  SCV  
  17  1:03  Refinery  
  18  1:04  SCV  
  18  1:16  SCV  
  19  1:28  Orbital Command  
  19  1:42  Factory  
  19  1:49  Supply Depot  
  19  2:03  SCV  
  20  2:10  Barracks Reactor  
  19  2:24  SCV  
  20  2:36  Starport  
  20  2:37  SCV  
  21  2:49  Command Center  
  21  2:52  SCV  
  22  2:59  Hellion  
  22  3:00  Marine  
  25  3:06  SCV  
  25  3:11  Supply Depot  
  26  3:16  Starport Tech Lab  
  26  3:19  SCV  
  27  3:22  Marine  
  27  3:23  Marine  
  27  3:26  Factory Tech Lab  
  29  3:31  SCV  
  30  3:37  Supply Depot  
  30  3:42  Cloaking Field  
  30  3:43  SCV  
  31  3:59  Banshee  
  31  4:00  Marine  
  31  4:01  Marine  
  31  4:02  SCV  
  37  4:08  Orbital Command  
  37  4:15  SCV  
  38  4:20  Siege Tank  
  38  4:22  Marine  
  42  4:27  SCV  
  42  4:28  Engineering Bay  
  43  4:35  Barracks  
  36  5:04  Banshee  
  36  5:05  SCV x2  
  41  5:08  Marine x2  
  43  5:17  SCV  
  43  5:18  SCV  
  45  5:22  Barracks  
  45  5:25  Marine  
  46  5:28  Missile Turret  
  46  5:29  Terran Infantry Weapons Level 1  
  46  5:30  Barracks Tech Lab, SCV  
  46  5:33  Marine  
  46  5:34  SCV  
  49  5:38  Refinery  
  49  5:40  Refinery  
  49  5:42  SCV  
  50  5:46  SCV  
  51  5:52  Marine x2  
  51  5:53  Marauder  
  51  5:54  SCV  
  58  5:57  Raven  
  58  5:58  SCV  
  59  6:04  Stimpack  
  59  6:06  SCV  
  59  6:10  Marine x2  
  62  6:12  Supply Depot x2  
  62  6:26  SCV  
  62  6:27  Marauder  
  62  6:31  SCV, Marine  
  62  6:32  Marine  
  62  6:35  Raven  
  62  6:36  Supply Depot  
  62  6:39  SCV  
  65  6:40  Supply Depot  
  65  6:45  Armory  
  65  6:47  Engineering Bay  
  65  6:48  Marauder  
  67  7:04  Supply Depot, SCV  
  68  7:10  Marine x4  
  68  7:14  Missile Turret  
  72  7:17  Command Center  
  72  7:20  SCV  
  72  7:21  SCV  
  74  7:28  Marauder  
  74  7:29  Marine  
  77  7:30  Barracks Tech Lab  
  77  7:32  SCV  
  77  7:33  Raven, SCV  
  77  7:35  Missile Turret  
  81  7:50  Siege Tank, Marauder  
  86  7:55  Supply Depot x2, Marine x3  
  89  8:11  Barracks  
  89  8:13  Barracks  
  89  8:24  Concussive Shells  
  89  8:30  Marine  
  89  8:31  Marine x3  
  93  8:48  Marine  
  93  8:49  Marauder  
Tags
 
Matchup
TvT
Race
Terran
Replay Pack
December
Spawn Locations
Close Positions
Strategy
Banshee Rush
Add a new tag
Caveats
  • Supply blocks, unpowered buildings, or Contaminate may cause inaccurate times.
  • Supply counts are checked every 10 seconds.